[Event "Skol-SM 2021, grupp D"]
[Site "Helsingborg Arena"]
[Date "2021.10.09"]
[Round "3.6"]
[White "Skogh, Ludvig"]
[Black "Jonsson, Jesper"]
[Result "1-0"]
[WhiteElo "1346"]
[BlackElo "1128"]
[ECO "D37"]
[TimeControl "45 minutes + 10 seconds per move from move one."]
[WhiteFideId "1764942"]
[BlackFideId "1765361"]

1.d4 d5 2.c4 e6 3.Nf3 Nf6 4.Nc3 Nc6 5.Bg5 Bb4 6.e3 b6 7.Qa4 Bb7 8.Ne5 Qd6 
9.c5 bxc5 10.Bb5 Ne4 11.Nxc6 O-O 12.Nxb4 cxb4 13.Nxe4 dxe4 14.Bf4 Qe7 15.
Rc1 a6 16.Bc6 Bxc6 17.Qxc6 Ra7 18.Qxe4 Rb8 19.O-O b3 20.a3 Rb5 21.Rc3 c5 
22.Rfc1 g6 23.Rxc5 Rxc5 24.dxc5 f6 25.Bd6 Qd7 26.h3 Kf7 27.Qc4 Qc6 28.Qxb3
Rd7 29.Qc3 e5 30.Qc4+ Ke8 31.Qg8# 1-0

[Event "Skol-SM 2021, grupp D"]
[Site "Helsingborg Arena"]
[Date "2021.10.09"]
[Round "4.1"]
[White "Stasik, James"]
[Black "Religa, Marek"]
[Result "0-1"]
[WhiteElo "1316"]
[BlackElo "1626"]
[ECO "B06"]
[TimeControl "45 minutes + 10 seconds per move from move one."]
[WhiteFideId "1764950"]
[BlackFideId "1750208"]

1.e4 d6 2.d4 g6 3.Nf3 Bg7 4.Bc4 Nd7 5.Bxf7+ Kf8 6.Ng5 Ndf6 7.Be6 Nxe4 8.
Qf3+ Nef6 9.Nf7 Qe8 10.Bxc8 Kxf7 11.Bxb7 Rb8 12.O-O Qb5 13.Be4 Qh5 14.Be3 
Qxf3 15.Bxf3 Rxb2 16.Na3 Nh6 17.c4 Nf5 18.Rfb1 Rhb8 19.Rxb2 Rxb2 20.Nb5 
Nxe3 21.fxe3 Bh6 22.Nxa7 Bxe3+ 23.Kf1 Bxd4 24.Nb5 Rxb5 25.cxb5 Bxa1 26.a4 
Bc3 27.Ke2 Nd7 28.Kd3 Ba5 29.Kd4 Nb6 30.Bd1 e5+ 31.Ke4 Ke6 32.g4 d5+ 33.
Kd3 Kd6 34.h4 Nc4 35.Ke2 Kc5 36.Bc2 e4 37.Kf2 Kd4 38.h5 gxh5 39.gxh5 h6 
40.Kg3 Ke5 41.Kf2 d4 42.Bb3 Nd6 43.Ba2 d3 44.Ke3 Nf5+ 45.Kf2 e3+ 46.Kf1 
e2+ 47.Kg2 e1=Q 48.b6 Qg3+ 49.Kh1 Nh4 50.Bd5 Kxd5 51.bxc7 Bxc7 52.a5 Qg2# 
0-1

[Event "Skol-SM 2021, grupp D"]
[Site "Helsingborg Arena"]
[Date "2021.10.09"]
[Round "4.3"]
[White "Zachiu, Julian"]
[Black "Jagare, Hanna"]
[Result "1-0"]
[WhiteElo "1237"]
[BlackElo "1337"]
[ECO "A85"]
[TimeControl "45 minutes + 10 seconds per move from move one."]
[WhiteFideId "1763849"]
[BlackFideId "1758756"]

1.c4 f5 2.Nc3 Nf6 3.Nf3 e6 4.d4 Be7 5.Bg5 O-O 6.e3 d6 7.Bxf6 Bxf6 8.Be2 
Nd7 9.O-O e5 10.dxe5 dxe5 11.Nd5 c6 12.Nxf6+ Qxf6 13.Qc2 f4 14.Bd3 Qh6 15.
exf4 Rxf4 16.Rfe1 Nf6 17.Nxe5 Qh5 18.h3 Rh4 19.Nf3 Rf4 20.Nh2 Rh4 21.Nf3 
Rf4 22.Re5 Qf7 23.Ng5 Qh5 24.Rae1 Bd7 25.Ne6 Rxc4 26.Bxc4 Kh8 27.Rxh5 Nxh5
28.Ng5 Nf6 29.Nf7+ Kg8 30.Ne5+ Kf8 31.Nxd7+ Nxd7 32.Qxh7 1-0

[Event "Skol-SM 2021, grupp D"]
[Site "Helsingborg Arena"]
[Date "2021.10.09"]
[Round "4.4"]
[White "Ahnfeldt Engdahl, August"]
[Black "Gerdes, Sebastian"]
[Result "0-1"]
[WhiteElo "1260"]
[BlackElo "1507"]
[ECO "B27"]
[TimeControl "45 minutes + 10 seconds per move from move one."]
[WhiteFideId "1756338"]
[BlackFideId "1745697"]

1.e4 c5 2.Nf3 g6 3.Bc4 Bg7 4.O-O Nc6 5.d3 d6 6.Nc3 Nf6 7.Be3 e6 8.Bg5 Ne7 
9.Re1 O-O 10.Qd2 d5 11.Bxf6 Bxf6 12.e5 Bg7 13.Bb3 a6 14.a3 Qc7 15.Re2 b5 
16.Ba2 Bb7 17.d4 cxd4 18.Qxd4 Nf5 19.Qd3 d4 20.Nxd4 Rfd8 21.Rd1 Nxd4 22.
Red2 Nf3+ 0-1

[Event "Skol-SM 2021, grupp D"]
[Site "Helsingborg Arena"]
[Date "2021.10.09"]
[Round "5.1"]
[White "Religa, Marek"]
[Black "Zachiu, Julian"]
[Result "1-0"]
[WhiteElo "1626"]
[BlackElo "1237"]
[ECO "C50"]
[TimeControl "45 minutes + 10 seconds per move from move one."]
[WhiteFideId "1750208"]
[BlackFideId "1763849"]

1.e4 e5 2.Nf3 Nc6 3.Bc4 Bc5 4.O-O d6 5.h3 Nf6 6.Qe2 O-O 7.d3 h6 8.c3 Re8 
9.b4 Bb6 10.Be3 Be6 11.Nbd2 d5 12.exd5 Nxd5 13.Rac1 Nxe3 14.fxe3 Bxc4 15.
dxc4 a6 16.c5 Ba7 17.Rcd1 Qe7 18.a4 e4 19.Nd4 Nxd4 20.cxd4 Qd7 21.Rf4 Qxa4
22.Rdf1 f6 23.Qg4 Kh8 24.Nxe4 Re7 25.Nxf6 gxf6 26.Rxf6 Qd7 27.Rf8+ 1-0

[Event "Skol-SM 2021, grupp D"]
[Site "Helsingborg Arena"]
[Date "2021.10.09"]
[Round "5.2"]
[White "Lofgren, Vide"]
[Black "Skogh, Ludvig"]
[Result "0-1"]
[WhiteElo "1497"]
[BlackElo "1346"]
[ECO "B90"]
[TimeControl "45 minutes + 10 seconds per move from move one."]
[WhiteFideId "1743384"]
[BlackFideId "1764942"]

1.e4 c5 2.Nf3 d6 3.d4 cxd4 4.Nxd4 Nf6 5.Nc3 a6 6.f3 e5 7.Nb3 Be6 8.Be3 Be7
9.Be2 Nbd7 10.O-O O-O 11.f4 exf4 12.Bxf4 Ne5 13.Qd2 Qb6+ 14.Be3 Qc6 15.Bf3
Rac8 16.Rad1 Rfd8 17.Nd4 Qc7 18.Nxe6 fxe6 19.Qf2 Rf8 20.Bd4 Nfd7 21.Qg3 
Rf6 22.Bg4 Rg6 23.Rf4 h5 24.Bxe6+ Rxe6 25.Rdf1 Rf8 26.Qh3 Ref6 27.Nd5 Rxf4
28.Nxe7+ Kf7 29.Rxf4+ Kxe7 30.Qh4+ Rf6 31.Qg5 Kf8 32.Bc3 Rxf4 33.Qxf4+ Nf6
34.Bb4 Qb6+ 35.Kf1 Qxb4 36.Qf5 Qxe4 37.Qc8+ Kf7 38.Qc7+ Ke6 39.Qxg7 Qg4 
40.Qxb7 Qd1+ 41.Kf2 Nfg4+ 0-1

[Event "Skol-SM 2021, grupp D"]
[Site "Helsingborg Arena"]
[Date "2021.10.09"]
[Round "5.4"]
[White "Poley, Maksim"]
[Black "Wang, Dawen"]
[Result "1/2-1/2"]
[WhiteElo "1099"]
[BlackElo "1306"]
[ECO "A45"]
[TimeControl "45 minutes + 10 seconds per move from move one."]
[WhiteFideId "1751409"]
[BlackFideId "1756320"]

1.d4 Nf6 2.Nc3 g6 3.e4 Bg7 4.Bf4 d6 5.Qd2 O-O 6.h4 c5 7.Nf3 cxd4 8.Nb5 a6 
9.Na3 Nxe4 10.Qc1 Qa5+ 11.Bd2 Nxd2 12.Nxd2 b5 13.Bd3 Bh6 14.Be4 Bxd2+ 15.
Qxd2 Qxd2+ 16.Kxd2 Ra7 17.h5 Bb7 18.Bxb7 Rxb7 19.g4 Nd7 20.h6 f5 21.gxf5 
Rxf5 22.Raf1 Ne5 23.f4 Nc4+ 24.Nxc4 bxc4 25.b3 cxb3 26.cxb3 a5 27.Kd3 Rb4 
28.Rh4 a4 29.bxa4 Rxa4 30.Re1 Kf7 31.Re4 e5 32.fxe5 dxe5 33.a3 Rxa3+ 34.
Kc4 d3 35.Rh1 d2 36.Rd1 Ra4+ 37.Kd5 Rxe4 38.Kxe4 Kf6 39.Rxd2 Rf4+ 40.Ke3 
Rh4 41.Rd6+ Kf5 42.Ra6 Rxh6 43.Ra4 Rh3+ 44.Ke2 g5 45.Ra8 h5 46.Rf8+ Ke4 
47.Ra8 Rh2+ 48.Kf1 Kf4 49.Rf8+ Kg4 50.Re8 Rh1+ 51.Kg2 Re1 52.Kf2 Re4 53.
Re7 h4 54.Ra7 h3 55.Ra1 h2 56.Kg2 Re2+ 57.Kh1 Kf3 58.Ra8 e4 59.Rf8+ Kg4 
60.Rf1 Kh4 61.Rf4+ Kh5 62.Rh4+ Kg6 63.Rh6+ Kf5 64.Rf6+ Ke5 65.Re6+ Kd4 66.
Rd6+ Kc3 67.Rd3+ Kc2 68.Rc3+ Kd1 69.Rc1+ Kd2 70.Rd1+ Ke3 71.Rd3+ Kf2 72.
Rf3+ Ke1 73.Rf1+ Kd2 74.Rd1+ Ke3 75.Rd3+ Kxd3 1/2-1/2

[Event "Skol-SM 2021, grupp D"]
[Site "Helsingborg Arena"]
[Date "2021.10.09"]
[Round "5.5"]
[White "Larsson, Emma"]
[Black "Stasik, James"]
[Result "0-1"]
[WhiteElo "1272"]
[BlackElo "1316"]
[ECO "B01"]
[TimeControl "45 minutes + 10 seconds per move from move one."]
[WhiteFideId "1758802"]
[BlackFideId "1764950"]

1.e4 d5 2.exd5 Nf6 3.d4 Nxd5 4.c4 Nf6 5.Nc3 g6 6.Nf3 Bg7 7.h3 O-O 8.Be2 
Nbd7 9.Be3 b6 10.O-O Bb7 11.Qc2 c6 12.Bf4 Re8 13.Rad1 Qc8 14.Bh2 e6 15.
Rfe1 c5 16.Nb5 Rf8 17.Nd6 Qc6 18.Nh4 cxd4 19.Bf3 Qc5 20.Nxb7 Qg5 21.g3 Ne5
22.Bg2 d3 23.Qd2 Qxd2 24.Rxd2 Nxc4 25.Rxd3 Nxb2 26.Rb3 Nd5 27.Nd6 Rfd8 28.
Ne4 Rac8 29.g4 Ne7 30.Rxb2 Bxb2 31.g5 Nf5 32.Nxf5 exf5 33.Nf6+ Kg7 34.Re7 
a5 35.Bb7 Rc1+ 36.Kg2 Rc2 37.Ne8+ Kf8 38.Bd6 Rxd6 39.Nxd6 Kxe7 40.Nb5 Be5 
41.Ba6 Rxa2 42.Na7 Kd7 43.Bb5+ Kd6 44.Nc8+ Kc5 45.Bd3 a4 46.Na7 Rb2 47.Nc8
a3 48.Ne7 a2 49.Ng8 a1=Q 50.Nf6 Bxf6 51.gxf6 Qe1 0-1

[Event "Skol-SM 2021, grupp D"]
[Site "Helsingborg Arena"]
[Date "2021.10.09"]
[Round "6.1"]
[White "Religa, Marek"]
[Black "Gerdes, Sebastian"]
[Result "1-0"]
[WhiteElo "1626"]
[BlackElo "1507"]
[ECO "D00"]
[TimeControl "45 minutes + 10 seconds per move from move one."]
[WhiteFideId "1750208"]
[BlackFideId "1745697"]

1.d4 d5 2.Bf4 Nf6 3.e3 e6 4.Nf3 Bd6 5.Bg3 c5 6.c3 Nc6 7.Nbd2 a6 8.Ne5 Nh5 
9.Qxh5 Bxe5 10.Bxe5 O-O 11.Bd3 f5 12.f4 cxd4 13.exd4 Bd7 14.O-O Nxe5 15.
fxe5 Be8 16.Qf3 Qg5 17.Qf4 Qh5 18.g4 Qg6 19.Kh1 Bd7 20.Rf2 Rf7 21.Rg1 Raf8
22.gxf5 Qh5 23.Qg5 Qh3 24.Rf3 h6 25.Qxg7+ Rxg7 26.Rxg7+ Kxg7 27.f6+ 1-0

[Event "Skol-SM 2021, grupp D"]
[Site "Helsingborg Arena"]
[Date "2021.10.09"]
[Round "6.2"]
[White "Stasik, James"]
[Black "Skogh, Ludvig"]
[Result "0-1"]
[WhiteElo "1316"]
[BlackElo "1346"]
[ECO "C05"]
[TimeControl "45 minutes + 10 seconds per move from move one."]
[WhiteFideId "1764950"]
[BlackFideId "1764942"]

1.e4 e6 2.d4 d5 3.Nd2 Nf6 4.exd5 exd5 5.Ngf3 Bd6 6.Bd3 O-O 7.O-O Bg4 8.c3 
Nbd7 9.Re1 c6 10.Nf1 Qc7 11.h3 Bh5 12.Ne3 Rae8 13.Bd2 Ne4 14.Be2 Bg6 15.
Nh4 Nxf2 16.Kxf2 Bg3+ 17.Kg1 Bxh4 18.Rf1 Bg3 19.Bg4 Nf6 20.Bf5 Bh2+ 21.Kh1
Bd6 22.Ng4 Nxg4 23.Qxg4 Bxf5 24.Rxf5 Re4 25.Qd1 Rfe8 26.Rf2 Qe7 27.Kg1 Qh4
28.Qf3 f6 29.Rff1 Bg3 30.Qf5 Bd6 31.Be1 Rxe1 32.Raxe1 Rxe1 33.Qc8+ Bf8 34.
Rxe1 Qxe1+ 35.Kh2 Qe7 36.a4 Kf7 37.a5 a6 38.b3 g6 39.c4 dxc4 40.bxc4 f5 
41.g4 f4 42.g5 Qe2+ 43.Kh1 f3 44.Qd7+ Be7 45.Qg4 Qf1+ 46.Kh2 Bd6+ 0-1

[Event "Skol-SM 2021, grupp D"]
[Site "Helsingborg Arena"]
[Date "2021.10.09"]
[Round "6.3"]
[White "Poley, Maksim"]
[Black "Lofgren, Vide"]
[Result "0-1"]
[WhiteElo "1099"]
[BlackElo "1497"]
[ECO "D02"]
[TimeControl "45 minutes + 10 seconds per move from move one."]
[WhiteFideId "1751409"]
[BlackFideId "1743384"]

1.d4 Nf6 2.Bf4 d5 3.Nf3 Bg4 4.Ne5 Nbd7 5.Nxg4 Nxg4 6.e3 Ngf6 7.Bd3 e6 8.
Nd2 c5 9.c3 c4 10.Be2 Nb6 11.f3 Bd6 12.Bxd6 Qxd6 13.e4 Qc6 14.e5 Nfd7 15.
a4 Nf8 16.a5 Nbd7 17.b3 cxb3 18.Qxb3 a6 19.c4 Ng6 20.cxd5 exd5 21.O-O Nf4 
22.Qe3 Nxe2+ 23.Qxe2 b5 24.Rac1 Qb7 25.e6 Nf6 26.Qe5 Rc8 27.Nb3 Rc4 28.Nc5
Qc8 29.Qd6 fxe6 30.Rce1 Kf7 31.Rxe6 Re8 32.Rxe8 Qxe8 33.Qf4 Qe2 34.Nxa6 
Rc2 35.Qg3 Qe3+ 36.Qf2 Rxf2 37.Rxf2 Qxd4 38.Nc7 Qa7 39.Nxb5 Qxa5 40.Nd6+ 
Ke6 41.Nc8 Qc5 42.Kf1 Qxc8 43.Ke2 Qc2+ 44.Ke1 Qc3+ 45.Ke2 d4 46.Rf1 d3+ 
47.Ke3 Qe5+ 48.Kf2 Qe2+ 49.Kg1 d2 0-1

[Event "Skol-SM 2021, grupp D"]
[Site "Helsingborg Arena"]
[Date "2021.10.09"]
[Round "6.4"]
[White "Wang, Dawen"]
[Black "Zachiu, Julian"]
[Result "1-0"]
[WhiteElo "1306"]
[BlackElo "1237"]
[ECO "C54"]
[TimeControl "45 minutes + 10 seconds per move from move one."]
[WhiteFideId "1756320"]
[BlackFideId "1763849"]

1.e4 e5 2.Nf3 Nc6 3.Bc4 Bc5 4.c3 Nf6 5.d3 O-O 6.Bg5 h6 7.Bh4 d6 8.h3 Be6 
9.Bb3 Qe7 10.O-O Rad8 11.Re1 Bb6 12.Bc2 d5 13.exd5 Bxd5 14.c4 Bxc4 15.Nc3 
Nb4 16.Nxe5 Nxc2 17.Qxc2 Be6 18.Rad1 Bd4 19.Nf3 g5 20.Bg3 Qc5 21.Nxd4 Rxd4
22.Be5 Rf4 23.Bxf4 gxf4 24.Rd2 Bxh3 25.Ne4 Nxe4 26.Rxe4 Qg5 27.f3 Rd8 28.
Qc4 Be6 29.Qxc7 Rc8 30.Qxf4 Rc1+ 31.Kf2 Qc5+ 32.Rd4 Rc2 33.Ke2 Rxd2+ 34.
Kxd2 Qa5+ 35.Ke2 Qxa2 36.Qb8+ Kg7 37.Qxb7 Bb3 38.Rg4+ Kf6 39.Qc6+ Ke7 40.
Re4+ Be6 41.Qb7+ Kf6 42.Rh4 Kg6 43.Qe4+ Bf5 44.Qc6+ Be6 45.Rg4+ Kh7 46.
Qe4+ f5 47.Qb7+ Bf7 48.Rf4 Qe6+ 49.Kf2 Qf6 50.Qb5 Kg6 51.g4 Qh4+ 52.Kg2 
Qg5 53.Qxf5+ Qxf5 54.Rxf5 Be6 55.Ra5 1-0

[Event "Skol-SM 2021, grupp D"]
[Site "Helsingborg Arena"]
[Date "2021.10.10"]
[Round "7.1"]
[White "Skogh, Ludvig"]
[Black "Religa, Marek"]
[Result "0-1"]
[WhiteElo "1346"]
[BlackElo "1626"]
[ECO "A52"]
[TimeControl "45 minutes + 10 seconds per move from move one."]
[WhiteFideId "1764942"]
[BlackFideId "1750208"]

1.d4 Nf6 2.c4 e5 3.dxe5 Ng4 4.Nf3 Bc5 5.e3 Nc6 6.Be2 O-O 7.O-O Ngxe5 8.
Nxe5 Nxe5 9.Nc3 Re8 10.Nd5 a5 11.b3 Ra6 12.Re1 Rh6 13.Qc2 Qh4 14.h3 d6 15.
Bf1 Bxh3 16.gxh3 Nf3+ 17.Kh1 Qg4 18.Nf6+ gxf6 0-1

[Event "Skol-SM 2021, grupp D"]
[Site "Helsingborg Arena"]
[Date "2021.10.10"]
[Round "7.2"]
[White "Lofgren, Vide"]
[Black "Wang, Dawen"]
[Result "1-0"]
[WhiteElo "1497"]
[BlackElo "1306"]
[ECO "B15"]
[TimeControl "45 minutes + 10 seconds per move from move one."]
[WhiteFideId "1743384"]
[BlackFideId "1756320"]

1.e4 c6 2.d4 d5 3.Nc3 dxe4 4.Nxe4 Nf6 5.Nxf6+ exf6 6.Nf3 Bd6 7.Bd3 O-O 8.
O-O Bg4 9.c3 Nd7 10.Bc2 Re8 11.Qd3 Nf8 12.Bd2 Ng6 13.h3 Bd7 14.Rfe1 Qc7 
15.Rad1 Rad8 16.Bc1 Be6 17.a3 b5 18.b3 f5 19.Bg5 Be7 20.Bxe7 Rxe7 21.Ng5 
Bc8 22.Qf3 h6 23.Bxf5 Bxf5 24.Qxf5 hxg5 25.Qxg5 Rde8 26.Rxe7 Qxe7 27.Qg3 
Qxa3 28.b4 Qa6 29.Qf3 Qc8 30.Ra1 Re7 31.Kh2 Qc7+ 32.Kg1 Qf4 33.Qxc6 Qf5 
34.Qa8+ Kh7 35.Rxa7 Re1+ 36.Kh2 Qf4+ 37.g3 Qxf2+ 38.Qg2 Qe3 39.Ra2 Qxc3 
40.Qd5 Qc4 41.Qh5+ Kg8 42.Rf2 Qxd4 43.Qf3 Qd7 44.Qa8+ Re8 45.Qf3 Ne5 46.
Qh5 Nd3 47.Rd2 Qc7 48.Qxb5 Re3 49.Qg5 Nxb4 50.Rd8+ Qxd8 51.Qxd8+ Kh7 52.
Qh4+ Kg8 53.Qxb4 Re2+ 54.Kg1 Re6 55.Qb8+ Kh7 56.Kf2 Rf6+ 57.Ke3 Rh6 58.h4 
Rg6 59.Kf3 Rf6+ 60.Kg2 Rg6 61.Kh3 Rf6 62.Kg2 Rg6 63.Qb1 Kh6 64.Qc1+ Kh7 
65.Qc2 Kh6 66.Qd2+ Kh7 67.Qd3 Kh6 68.Qe3+ Kh7 69.Qe4 Kh6 70.Qf4+ Kh7 71.
Qxf7 Rf6 72.Qh5+ Rh6 73.Qf5+ Rg6 74.h5 1-0

[Event "Skol-SM 2021, grupp D"]
[Site "Helsingborg Arena"]
[Date "2021.10.10"]
[Round "7.3"]
[White "Gerdes, Sebastian"]
[Black "Xiong, Alice"]
[Result "1-0"]
[WhiteElo "1507"]
[BlackElo "1293"]
[ECO "A18"]
[TimeControl "45 minutes + 10 seconds per move from move one."]
[WhiteFideId "1745697"]
[BlackFideId "1765396"]

1.c4 e6 2.d4 Nf6 3.Nc3 Be7 4.e4 d6 5.Bd3 c5 6.Nf3 Nc6 7.dxc5 dxc5 8.a3 b6 
9.Bf4 Bb7 10.e5 Nd7 11.h4 Qc7 12.Nb5 Qb8 13.Qe2 a6 14.Nd6+ Bxd6 15.exd6 
O-O 16.Be5 Ncxe5 17.Bxh7+ Kxh7 18.Nxe5 Nxe5 19.Qxe5 f6 20.Qh5+ Kg8 21.
O-O-O Rd8 22.Qg4 Rxd6 23.h5 Rxd1+ 24.Rxd1 Qe5 25.Rd7 Qe1+ 26.Rd1 Qe4 27.
Qg3 Qxc4+ 28.Kb1 Qe4+ 29.Kc1 Qxg2 30.Qd6 Qg5+ 31.f4 Qf5 32.h6 Qe4 33.Qc7 
Qg2 34.Qe7 Bd5 35.Kb1 Qe4+ 36.Ka1 Qg2 37.Qd7 Qg4 38.Rxd5 Qg6 39.Qxe6+ Qf7 
40.h7+ Kf8 41.h8=Q+ Qg8 42.Qhxg8# 1-0

[Event "Skol-SM 2021, grupp D"]
[Site "Helsingborg Arena"]
[Date "2021.10.10"]
[Round "7.5"]
[White "Zachiu, Julian"]
[Black "Holm, Hjalmar"]
[Result "1-0"]
[WhiteElo "1237"]
[BlackElo "1340"]
[ECO "A21"]
[TimeControl "45 minutes + 10 seconds per move from move one."]
[WhiteFideId "1763849"]
[BlackFideId "1747975"]

1.c4 e5 2.Nc3 c5 3.g3 Nf6 4.Bg2 g6 5.Nf3 d6 6.d3 Bg7 7.Bg5 Be6 8.Nd2 Nc6 
9.Nde4 Qe7 10.Qb3 Rb8 11.Nxf6+ Bxf6 12.Bxf6 Qxf6 13.Bxc6+ Kf8 14.Bg2 a6 
15.O-O Kg7 16.Nd5 Qd8 17.e4 b5 18.Qc3 bxc4 19.dxc4 Qg5 20.f4 Qg4 21.fxe5 
dxe5 22.Qxe5+ Kh6 23.Rf4 Qh5 24.Rh4 Qxh4 25.gxh4 Rhe8 26.Qg5+ Kg7 27.Qf6+ 
Kf8 28.Qh8# 1-0

[Event "Skol-SM 2021, grupp D"]
[Site "Helsingborg Arena"]
[Date "2021.10.10"]
[Round "7.6"]
[White "Larsson, Emma"]
[Black "Poley, Maksim"]
[Result "1/2-1/2"]
[WhiteElo "1272"]
[BlackElo "1099"]
[ECO "B78"]
[TimeControl "45 minutes + 10 seconds per move from move one."]
[WhiteFideId "1758802"]
[BlackFideId "1751409"]

1.e4 c5 2.Nf3 g6 3.d4 Bg7 4.Be3 cxd4 5.Nxd4 Nc6 6.Nc3 Nf6 7.f3 O-O 8.Qd2 
d6 9.O-O-O Bd7 10.Bc4 Rc8 11.Bb3 Ne5 12.Qe2 a6 13.h3 b5 14.g4 Nc4 15.Bxc4 
Rxc4 16.f4 Rxc3 17.bxc3 Nxe4 18.Qd3 d5 19.Ne2 Qa5 20.Qxd5 Nxc3 21.Nxc3 
Bxc3 22.Qb3 Be6 23.Bb6 Qxb6 24.Qxc3 Bxa2 25.f5 Bc4 26.Qa3 Qf6 27.Rhe1 Re8 
28.Qb2 Qb6 29.Rd7 Qf2 30.Rexe7 Qf1+ 31.Kd2 Qf4+ 32.Kd1 Be2+ 33.Kxe2 Qh2+ 
34.Kf3 Qxh3+ 35.Kf4 Qh2+ 36.Kf3 Qh3+ 37.Kf4 Qf1+ 38.Kg3 Qg1+ 39.Kf3 Qf1+ 
40.Kg3 Qg1+ 41.Kf3 Qf1+ 1/2-1/2

[Event "Skol-SM 2021, grupp D"]
[Site "Helsingborg Arena"]
[Date "2021.10.10"]
[Round "8.1"]
[White "Religa, Marek"]
[Black "Lofgren, Vide"]
[Result "1-0"]
[WhiteElo "1626"]
[BlackElo "1497"]
[ECO "B10"]
[TimeControl "45 minutes + 10 seconds per move from move one."]
[WhiteFideId "1750208"]
[BlackFideId "1743384"]

1.e4 c6 2.c4 d5 3.exd5 cxd5 4.cxd5 Qxd5 5.Nc3 Qe5+ 6.Be2 Bg4 7.d4 Bxe2 8.
Ngxe2 Qa5 9.Qb3 Nd7 10.Bf4 e5 11.Bxe5 Nxe5 12.dxe5 Qxe5 13.Qxb7 Rb8 14.
Qc6+ Ke7 15.Nd5+ Kd8 16.Rd1 Bd6 17.f4 Qe6 18.Nc7 Qf5 19.Qxd6+ Kc8 20.Na6 
Qa5+ 21.b4 Qd8 1-0

[Event "Skol-SM 2021, grupp D"]
[Site "Helsingborg Arena"]
[Date "2021.10.10"]
[Round "8.2"]
[White "Skogh, Ludvig"]
[Black "Gerdes, Sebastian"]
[Result "1-0"]
[WhiteElo "1346"]
[BlackElo "1507"]
[ECO "D48"]
[TimeControl "45 minutes + 10 seconds per move from move one."]
[WhiteFideId "1764942"]
[BlackFideId "1745697"]

1.d4 d5 2.c4 c6 3.Nf3 Nf6 4.Nc3 e6 5.e3 Nbd7 6.Bd3 dxc4 7.Bxc4 b5 8.Bd3 a6
9.e4 Bb7 10.Bg5 h6 11.Bh4 Be7 12.e5 Nd5 13.Bxe7 Nxc3 14.bxc3 Qxe7 15.Be4 
Nb6 16.Nd2 O-O 17.O-O Na4 18.Qc2 c5 19.Rab1 cxd4 20.Bxb7 Qxb7 21.Qxa4 dxc3
22.Qe4 Qe7 23.Nf3 Rac8 24.Rfc1 Rc4 25.Qc2 Rfc8 26.Qb3 b4 27.Qc2 a5 28.Rd1 
Qb7 29.Rd6 Qe4 30.Qxe4 Rxe4 31.Kf1 a4 32.Nd4 Rc4 33.Nc2 Kh7 34.Rb6 b3 35.
axb3 axb3 36.R1xb3 Ra4 37.Rc6 Rxe5 38.Rcxc3 Rd5 39.Rd3 Rc5 40.Rbc3 Rh5 41.
h3 Re5 42.Rc7 Ra2 43.Ne3 Rb5 44.g3 Rbb2 45.Nd1 Rb1 46.Rxf7 Raa1 47.Rfd7 e5
48.Ke2 e4 49.Rd2 Ra3 50.Ne3 Ra4 51.R7d4 Rbb4 52.Rxb4 Rxb4 53.Rc2 Rb5 54.
Kd2 Rb3 55.Nd1 Rd3+ 56.Ke1 Rd7 57.Re2 Re7 58.Nc3 Rc7 59.Nxe4 Rc4 60.Kd2 
Ra4 61.Ke3 Ra3+ 62.Kf4 Ra4 63.Rd2 g5+ 64.Kf5 Ra5+ 65.Ke6 Kg6 66.Rd5 Ra4 
67.Nd6 Ra6 68.Ke5 Ra7 69.f4 Re7+ 70.Kd4 Re2 71.Ne4 Re1 72.f5+ Kg7 73.Ke5 
Ra1 74.Rd7+ Kf8 75.Ke6 Ra6+ 76.Nd6 Ra8 77.f6 Kg8 78.Re7 Rf8 79.Rg7+ Kh8 
80.Nf7+ Rxf7 81.Rxf7 h5 82.Ra7 g4 83.f7 Kh7 84.f8=Q+ 1-0

[Event "Skol-SM 2021, grupp D"]
[Site "Helsingborg Arena"]
[Date "2021.10.10"]
[Round "8.4"]
[White "Harlin, Edward"]
[Black "Zachiu, Julian"]
[Result "0-1"]
[WhiteElo "1217"]
[BlackElo "1237"]
[ECO "C44"]
[TimeControl "45 minutes + 10 seconds per move from move one."]
[WhiteFideId "1744550"]
[BlackFideId "1763849"]

1.e4 e5 2.Nf3 Nc6 3.d4 exd4 4.Bc4 Bb4+ 5.c3 dxc3 6.Nxc3 Bxc3+ 7.bxc3 h6 8.
O-O d6 9.Re1 Nge7 10.Ba3 O-O 11.e5 d5 12.Bb5 a6 13.Bxc6 bxc6 14.c4 Re8 15.
Qd2 Ng6 16.Rad1 Bg4 17.Qc3 Bxf3 18.Qxf3 Nxe5 19.Qg3 Nxc4 20.Rxe8+ Qxe8 21.
Bc1 Qe2 22.Rf1 Nd2 23.Bxd2 Qxd2 24.Qxc7 Qxa2 25.Qxc6 Rb8 26.Rd1 Qc4 27.Qd6
Rc8 28.h3 Qc6 29.Qxd5 Qxd5 30.Rxd5 Ra8 31.Ra5 Kf8 32.g4 Ke7 33.f4 Kd6 34.
Kf2 Kc6 35.Ke3 Kb6 36.Ra1 Rd8 37.Rb1+ Ka7 38.Ra1 h5 39.Ke4 hxg4 40.hxg4 
Rd6 41.Ke5 Rg6 42.Kf5 Rb6 43.g5 g6+ 44.Kg4 Rb5 45.Rd1 a5 46.Rd7+ Rb7 47.
Rd6 Kb8 48.Rd5 a4 49.Ra5 Ra7 50.Rb5+ Kc7 51.Rc5+ Kd6 52.Rc1 a3 53.f5 Ra4+ 
54.Kf3 gxf5 55.Rd1+ Kc5 56.Ke2 a2 57.Ra1 Kb4 58.Kd2 Kb3 59.Kc1 Rc4+ 60.Kd1
Kb2 61.g6 fxg6 62.Rb1+ axb1=Q+ 63.Ke2 Re4+ 64.Kf3 Qf1+ 65.Kg3 Rg4+ 66.Kh2 
Qg2# 0-1

[Event "Skol-SM 2021, grupp D"]
[Site "Helsingborg Arena"]
[Date "2021.10.10"]
[Round "8.5"]
[White "Stasik, James"]
[Black "Andersson, Elsa"]
[Result "1-0"]
[WhiteElo "1316"]
[BlackElo "1075"]
[ECO "C45"]
[TimeControl "45 minutes + 10 seconds per move from move one."]
[WhiteFideId "1764950"]
[BlackFideId "1757300"]

1.e4 e5 2.Nf3 Nc6 3.d4 exd4 4.Nxd4 d5 5.Bb5 Bd7 6.exd5 Nxd4 7.Bxd7+ Qxd7 
8.Qxd4 Nf6 9.c4 c6 10.Qe3+ Be7 11.dxc6 Qxc6 12.O-O Qxc4 13.b3 Qe4 14.Nc3 
Qxe3 15.Bxe3 O-O 16.Rfd1 a6 17.f3 Rac8 18.Rac1 h5 19.Bg5 Bc5+ 20.Kf1 Nh7 
21.Ne4 Ba3 22.Rxc8 Rxc8 23.Rd7 b5 24.Rd8+ Rxd8 25.Bxd8 Kf8 26.Ba5 Bb2 27.
Nc5 Ke7 28.Nxa6 Ba3 29.Bb4+ Bxb4 30.Nxb4 Kd6 31.Ke2 g6 32.f4 Nf8 33.Nd3 
Ne6 34.Ke3 f6 35.f5 gxf5 36.Nf4 Ng5 37.Nxh5 Kc5 38.a3 Ne6 39.Nf4 Nd4 40.
Nd3+ Kd5 41.a4 bxa4 42.bxa4 Nc6 43.h4 Kc4 44.h5 Ne7 45.h6 Ng6 46.h7 Nh8 
47.Kf4 Kd5 48.Kxf5 Kd6 49.Kxf6 Kc6 50.Kg7 Kb6 51.Kxh8 Ka5 52.Kg7 Kxa4 53.
h8=Q Kb3 54.Qc8 Ka3 55.Qb7 Ka4 56.Qb4# 1-0

[Event "Skol-SM 2021, grupp D"]
[Site "Helsingborg Arena"]
[Date "2021.10.10"]
[Round "8.6"]
[White "Xiong, Alice"]
[Black "Larsson, Emma"]
[Result "1-0"]
[WhiteElo "1293"]
[BlackElo "1272"]
[ECO "C45"]
[TimeControl "45 minutes + 10 seconds per move from move one."]
[WhiteFideId "1765396"]
[BlackFideId "1758802"]

1.e4 e5 2.Nf3 Nc6 3.d4 exd4 4.Nxd4 Bc5 5.Be3 Qe7 6.Nc3 Nf6 7.Nf5 Qf8 8.
Nxg7+ Qxg7 9.Bxc5 d6 10.Bd4 Be6 11.g3 O-O-O 12.Qd2 Nxd4 13.Qxd4 Kb8 14.
O-O-O Qh6+ 15.Kb1 Ng4 16.h3 Ne5 17.f4 Nc6 18.Qd2 Qg7 19.g4 f6 20.Bg2 Qd7 
21.Bf3 Ne7 22.Qd4 Rhf8 23.f5 Bg8 24.Rhe1 Nc6 25.Qd2 Ne5 26.Bg2 Qc6 27.Qe2 
Qb6 28.Qb5 Bxa2+ 29.Kxa2 Qxb5 30.Nxb5 a6 31.Nc3 c5 32.Rd2 Rf7 33.Red1 Rfd7
34.Nd5 Nc4 35.Rd3 Ne5 36.Nxf6 Nxd3 37.Nxd7+ Rxd7 38.Rxd3 Kc7 39.Rf3 Rf7 
40.Bf1 b5 41.h4 h6 42.g5 hxg5 43.hxg5 Kd7 44.g6 Rg7 45.f6 1-0

[Event "Skol-SM 2021, grupp E"]
[Site "Helsingborg Arena"]
[Date "2021.10.09"]
[Round "3.1"]
[White "Ljungros, Lo"]
[Black "Stedman, Theodor"]
[Result "0-1"]
[WhiteElo "1215"]
[BlackElo "1380"]
[ECO "C53"]
[TimeControl "45 minutes + 10 seconds per move from move one."]
[WhiteFideId "1760114"]
[BlackFideId "1756230"]

1.e4 e5 2.Nf3 Nc6 3.Bc4 Bc5 4.c3 d6 5.d4 exd4 6.cxd4 Bb4+ 7.Bd2 Bxd2+ 8.
Nbxd2 Bg4 9.d5 Ne5 10.Be2 Bxf3 11.Nxf3 Nf6 12.Nxe5 dxe5 13.Bb5+ Nd7 14.Qg4
Qe7 15.Bxd7+ Qxd7 16.Qxg7 O-O-O 17.Qxe5 Rhe8 18.Qd4 Qxd5 19.Qxd5 Rxd5 20.
O-O Rxe4 21.Rfe1 Rxe1+ 22.Rxe1 Rd2 23.Rb1 c5 24.g3 b5 25.a3 c4 26.b3 c3 
27.Rc1 c2 28.Kg2 Kd7 29.h4 h5 30.Kf3 Rd3+ 31.Ke2 Rxb3 32.Rxc2 Rxa3 33.Rc5 
b4 34.Rxh5 b3 35.Kd2 a5 36.g4 Ra2+ 37.Kc1 a4 38.Rb5 Rxf2 39.g5 Rf4 40.h5 
Rh4 41.g6 fxg6 42.hxg6 Ke7 43.Rg5 Kf8 44.Kb2 Rh2+ 45.Ka3 Ra2+ 46.Kb4 b2 
47.Rf5+ Kg7 48.Rf1 Ra1 49.Kc3 Rxf1 50.Kxb2 Kxg6 51.Ka3 Rb1 52.Kxa4 Kf5 53.
Ka3 Ke4 54.Ka2 Rb7 55.Ka3 0-1

[Event "Skol-SM 2021, grupp E"]
[Site "Helsingborg Arena"]
[Date "2021.10.09"]
[Round "3.2"]
[White "Sakic, Matija"]
[Black "Valcu, Lavinia"]
[Result "1/2-1/2"]
[WhiteElo "1312"]
[BlackElo "1213"]
[ECO "B30"]
[TimeControl "45 minutes + 10 seconds per move from move one."]
[WhiteFideId "1744372"]
[BlackFideId "1752197"]

1.e4 c5 2.Nf3 Nc6 3.d3 g6 4.g3 Bg7 5.Bg2 d6 6.Nbd2 Nf6 7.O-O O-O 8.Re1 Nd7
9.Nf1 Nde5 10.Nxe5 Nxe5 11.h3 Rb8 12.f4 Nc6 13.c3 e6 14.Ne3 Ne7 15.g4 f5 
16.Rf1 b5 17.exf5 exf5 18.g5 Bb7 19.d4 Bxg2 20.Kxg2 cxd4 21.cxd4 d5 22.Nc2
Qb6 23.Be3 Nc6 24.Qf3 Rbd8 25.Rfd1 Rfe8 26.Rd2 Re7 27.Rad1 Qa5 28.a3 Qb6 
29.b3 Red7 30.Ne1 Na5 31.Rd3 Bf8 32.Bd2 Nc6 33.Bc1 Bg7 34.Qf2 Re8 35.Nf3 
Rde7 36.Ne5 Bxe5 37.dxe5 Qxf2+ 38.Kxf2 d4 39.Bb2 Rd8 40.Bxd4 Red7 41.Ke3 
Kf7 42.Bc5 Rxd3+ 43.Rxd3 Rxd3+ 44.Kxd3 a6 45.a4 Ke6 46.axb5 axb5 47.Be3 
Kd5 48.Bf2 Ke6 1/2-1/2